 Dungeon Crawl Stone Soup version 0.25-a0-474-ga8a2ee3166 (webtiles) character file.

Game seed: 9142934189034964115, levelgen mode: deterministic

614 LairdRich the Skirmisher (level 7, -8/93 HPs)
             Began as a Minotaur Berserker on Feb 7, 2020.
             Was a Priest of Trog.
             Mangled by an orc warrior
             ... wielding a +0 long sword
              (17 damage)
             ... on level 8 of the Dungeon.
             The game lasted 00:12:50 (4198 turns).

LairdRich the Skirmisher (Minotaur Berserker)       Turns: 4198, Time: 00:12:51

Health: -8/93      AC:  7    Str: 29    XL:     7   Next: 20%
Magic:  6/6        EV: 13    Int:  4    God:    Trog [***...]
Gold:   199        SH:  0    Dex:  9    Spells: 6/6 levels left

rFire    + . .     SeeInvis .   a - +0 hand axe
rCold    + . .     Gourm    .   (no shield)
rNeg     . . .     Faith    .   j - +1 ring mail
rPois    .         Spirit   .   (helmet restricted)
rElec    .         Reflect  .   r - scarf {rC+ rF+}
rCorr    .         Harm     .   (no gloves)
MR       .....                  (no boots)
Stlth    ..........             (no amulet)
HPRegen  0.25/turn              (no ring)
MPRegen  0.10/turn              (no ring)

@: berserking, very quick
A: retaliatory headbutt, horns 2
a: Berserk, Trog's Hand, Renounce Religion


You were on level 8 of the Dungeon.
You worshipped Trog.
Trog was most pleased with you.
You were very hungry.

You visited 1 branch of the dungeon, and saw 6 of its levels.

You collected 246 gold pieces.
You spent 47 gold pieces at shops.

Inventory:

Hand Weapons
 a - a +0 hand axe (weapon)
Missiles
 s - 18 arrows (quivered)
Armour
 j - a +1 ring mail (worn)
 r - a scarf of resistance (worn)
Scrolls
 d - a scroll of remove curse
 f - 3 scrolls of teleportation
 g - a scroll of magic mapping {unknown}
 i - a scroll of enchant armour
Potions
 b - a potion of magic {unknown}
 e - 2 potions of agility
 k - 7 potions of heal wounds
 l - a potion of cancellation {unknown}
 m - 3 potions of might
 n - 2 potions of curing
 o - a potion of haste {unknown}
 p - 2 potions of brilliance
 q - a potion of mutation {unknown}
 t - a potion of lignification {unknown}
Comestibles
 c - 8 rations
 h - 4 chunks of flesh


   Skills:
 + Level 5.9 Fighting
 + Level 5.9 Axes
 + Level 5.2 Armour
 + Level 4.7 Dodging


You had 6 spell levels left.
You didn't know any spells.
Your spell library was empty.

Dungeon Overview and Level Annotations

Branches:
Dungeon (5/15)
 Temple: D:4-7

Altars:
Ashenzari
Cheibriados
Fedhas
Hepliaklqana
Nemelex Xobeh
Uskayaw
Wu Jian
Xom
Zin

Shops:
D:4 =(!*   D:5 *


Innate Abilities, Weirdness & Mutations

You reflexively headbutt those who attack you in melee.
You have a pair of horns on your head.


Message History

The orc warrior hits you with a +0 long sword!
You hit the orc warrior.
The orc warrior is moderately wounded.
You hit the orc but do no damage. The orc barely misses you.
The orc warrior barely misses you.
You hit the orc warrior but do no damage.
You headbutt the orc warrior.
The orc warrior is moderately wounded.
You hit the orc but do no damage. The orc misses you.
A red film seems to cover your vision as you go berserk!
You feel yourself moving faster!
You feel mighty!
You are feeling very hungry.
The orc warrior hits you with a +0 long sword!!
* * * LOW HITPOINT WARNING * * *
The orc hits you but does no damage.
You slice the orc warrior!!
The orc warrior is almost dead.
You hit the orc.
The orc warrior hits you with a +0 long sword!
You die...

#........?....................
#...#.......####.......#######
#>..+....................#
#...#.......###........#.##
#...####....# #.....≈..#..#
#...# ###### #....≈≈....!##
###.# ###)...≈≈......#
##.####### #oo............#
#..>...... #@######.!......
#....≈....##.# ##....##+##
#....≈≈...##.##### ....<....
#.........##.....# ....#..
#.÷.......######.# o...# .
#.........# #.# ....#
#.........## #.# .###.
#..........# #.# #..........#
#.#


You could see an orc warrior and an orc.

Vanquished Creatures
  An ogre (D:4)
  2 bullfrogs
  An orc priest (D:3)
  3 hounds
  3 orc wizards
  The ghost of FrozenTrovador the Skirmisher, a weakling MiFi (D:4)
  A hound zombie (D:5)
  8 adders
  3 dart slugs (D:2)
  7 leopard geckos
  9 orcs
  8 bats
  10 giant cockroaches
  6 goblins
  6 hobgoblins
  9 jackals
  7 kobolds
  A quokka (D:2)
  A ball python (D:2)
  6 frilled lizards
  A giant cockroach zombie (D:5)
  2 leopard gecko skeletons
  3 rats
99 creatures vanquished.

Notes
Turn   | Place    | Note
-------+----------+-------------------------------------------
     0 | D:1      | LairdRich the Minotaur Berserker began the quest for the
                  | Orb.
     0 | D:1      | Reached XP level 1. HP: 19/19 MP: 0/0
   224 | D:1      | Reached XP level 2. HP: 27/27 MP: 1/1
   813 | D:2      | Found a snail-covered altar of Cheibriados.
   813 | D:2      | Found a shattered altar of Ashenzari.
   813 | D:2      | Found a hide-covered altar of Uskayaw.
   813 | D:2      | Found a blossoming altar of Fedhas.
   814 | D:2      | Found a glowing silver altar of Zin.
   814 | D:2      | Found a sparkling altar of Nemelex Xobeh.
   819 | D:2      | Found a shimmering altar of Xom.
   980 | D:2      | Reached XP level 3. HP: 30/33 MP: 2/2
  1068 | D:2      | Reached ** piety under Trog
  1386 | D:2      | Reached XP level 4. HP: 40/40 MP: 3/3
  1947 | D:3      | Found an ornate altar of the Wu Jian Council.
  2260 | D:3      | Reached XP level 5. HP: 40/47 MP: 4/4
  2779 | D:4      | Found Lamyjink's Distillery.
  2785 | D:4      | Bought a potion of degeneration for 14 gold pieces
  2798 | D:4      | Found Leoff's General Store.
  2800 | D:4      | Found a hazy altar of Hepliaklqana.
  2801 | D:4      | Bought a potion of curing for 33 gold pieces
  2932 | D:4      | Found Otikh's Weapon Emporium.
  2968 | D:4      | Noticed an ogre
  2973 | D:4      | Killed an ogre
  2973 | D:4      | Reached skill level 5 in Fighting
  2973 | D:4      | Reached skill level 5 in Axes
  2973 | D:4      | Reached XP level 6. HP: 56/56 MP: 5/5
  3135 | D:4      | Found Bycearots's Jewellery Boutique.
  3147 | D:4      | Found a runed translucent door.
  3272 | D:4      | Noticed FrozenTrovador's ghost (weakling MiFi)
  3305 | D:4      | Reached *** piety under Trog
  3741 | D:4      | Killed FrozenTrovador's ghost
  3791 | D:5      | Entered Level 5 of the Dungeon
  3832 | D:5      | Reached skill level 5 in Armour
  3832 | D:5      | Reached XP level 7. HP: 61/62 MP: 6/6
  3963 | D:5      | Found Aroas's Assorted Antiques.
  3963 | D:5      | You fall into a shaft and drop 3 floors!
  4198 | D:8      | Mangled by an orc warrior

Levels and vault maps discovered:
D:1:      tarquinn_simple_flora_water_f, layout_rooms
D:2:      minmay_razor_zed, layout_basic, grunt_temple_overflow_open,
          first_ration
D:3:      layout_rooms, lemuel_doored_altar
D:4:      layout_loops_corners, lemuel_crystal_altar, ebering_ghost_sewer_d,
          serial_shops, nicolae_shop_competitors_out_of_business,
          nicolae_shop_stone, nicolae_shop_temple_entry_statues_fountains,
          nicolae_shop_window_shopping
D:5:      layout_loops_corners, old_standard_altar, minmay_temple_entry_slanted,
          serial_shops, nicolae_shop_overgrown_old_shop,
          gup_sewer_entry_bubbles, uniq_sigmund
D:8:      layout_basic, gammafunk_ghost_necromancy, grunt_livestock,
          hangedman_decor_lopped, interstate_on_off, minivault_29

Skill      XL: |  1  2  3  4  5  6 |
---------------+-------------------+-----
Axes           | 4 5 |  5.9
Fighting       | 4 5 |  5.9
Armour         | 3 4 5 |  5.2
Dodging        | 3 4 |  4.7

Action                   |  1- 3 |  4- 6 |  7- 9 || total
-------------------------+-------+-------+-------++-------
Melee: Hand axe          |    76 |   125 |    33 ||   234
       Headbutt          |    13 |    20 |     7 ||    40
Invok: Berserk           |       |     2 |     1 ||     3
  Use: Scroll            |       |    10 |       ||    10
  Eat: Chunk             |     2 |     5 |     2 ||     9
       Ration            |       |     1 |       ||     1
Armor: Animal skin       |    13 |       |       ||    13
       Ring mail         |    12 |    43 |     9 ||    64
Dodge: Dodged            |    43 |    56 |    21 ||   120

Table legend:
 A = Non-vault XP
 B = Vault XP
 C = Vault XP percentage of total XP
 D = Non-vault monster count
 E = Vault monster count
 F = Vault count percentage of total count
                 A         B        C        D         E       F
            +---------+---------+-------+---------+---------+-------
      Total |     686 |     192 |  21.9 |      81 |      18 |  18.2
            +---------+---------+-------+---------+---------+-------
        D:1 |      33 |       0 |   0.0 |      21 |       0 |   0.0
        D:2 |      47 |      50 |  51.5 |      17 |      14 |  45.2
        D:3 |     112 |       0 |   0.0 |      12 |       0 |   0.0
        D:4 |     321 |     142 |  30.7 |      19 |       4 |  17.4
        D:5 |      78 |       0 |   0.0 |       7 |       0 |   0.0
        D:8 |      95 |       0 |   0.0 |       5 |       0 |   0.0
            +---------+---------+-------+---------+---------+-------
